Map: Nightshade LE

Players

Neeb - Winner!

  • Race: Protoss Protoss
  • Spawn Location: 5:00

Nitix

  • Race: Zerg Zerg
  • Spawn Location: 11:00

Event: IEM Katowice 2020

VOD

Have the link to the VOD?

Description

Time

  • Played on: Feb. 24, 2020, 10:45 a.m.
  • Length: 10:38

All games in this series

Show
View Real Time Build Order
Export as new Build Order

Neeb Protoss - Winner!

Build Orders: Cannon Rush, Archon Immortal 

Get SALT Encoding   

  12  0:00  Probe  
  13  0:12  Probe  
  14  0:18  Pylon  
  14  0:25  Probe (Chrono Boost)  
  15  0:36  Gateway  
  15  0:37  Probe (Chrono Boost)  
  16  0:45  Probe (Chrono Boost)  
  16  0:46  Assimilator  
  17  0:51  Probe  
  18  1:00  Forge  
  18  1:03  Probe  
  19  1:15  Probe  
  20  1:21  Pylon  
  20  1:29  Pylon  
  20  1:31  Pylon  
  20  1:35  Cybernetics Core  
  20  1:39  Photon Cannon  
  20  1:43  Pylon  
  20  1:51  Photon Cannon  
  20  1:58  Photon Cannon  
  20  2:07  Photon Cannon  
  20  2:18  Photon Cannon  
  20  2:24  Photon Cannon  
  20  2:30  Photon Cannon  
  20  2:40  Cybernetics Core  
  20  2:42  Probe  
  21  2:49  Assimilator  
  21  2:54  Probe  
  22  3:03  Nexus  
  22  3:06  Probe  
  23  3:14  Pylon, Adept (Chrono Boost)  
  25  3:20  Probe  
  27  3:34  Probe  
  27  3:37  Adept  
  29  3:46  Probe  
  30  3:51  Warp Gate  
  27  3:58  Probe (Chrono Boost)  
  28  4:08  Probe (Chrono Boost), Adept (Chrono Boost)  
  31  4:12  Pylon  
  31  4:13  Probe (Chrono Boost)  
  31  4:16  Probe  
  33  4:24  Probe  
  33  4:28  Probe  
  35  4:31  Gateway  
  35  4:34  Gateway  
  35  4:36  Probe, Sentry (Chrono Boost)  
  38  4:42  Probe  
  39  4:47  Pylon  
  39  4:49  Probe  
  40  4:54  Probe (Chrono Boost)  
  40  4:57  Robotics Facility  
  41  5:05  Probe (Chrono Boost)  
  41  5:06  Probe (Chrono Boost), Pylon  
  43  5:12  Protoss Ground Weapons Level 1  
  45  5:14  Probe (Chrono Boost)  
  45  5:16  Probe (Chrono Boost)  
  45  5:24  Probe  
  45  5:25  Probe  
  45  5:26  Assimilator  
  47  5:28  Assimilator, Twilight Council  
  47  5:41  Adept x2  
  51  5:43  Adept  
  51  5:45  Immortal (Chrono Boost)  
  55  5:56  Pylon  
  51  5:58  Pylon  
  51  6:00  Sentry  
  51  6:02  Sentry  
  49  6:05  Sentry  
  51  6:14  Pylon  
  51  6:15  Immortal (Chrono Boost)  
  55  6:22  Gateway  
  55  6:23  Probe  
  55  6:24  Probe  
  57  6:26  Sentry  
  59  6:33  Sentry  
  59  6:35  Probe  
  59  6:36  Probe  
  59  6:38  Charge (Chrono Boost), Gateway  
  59  6:39  Gateway  
  63  6:46  Pylon  
  63  6:48  Probe  
  63  6:51  Immortal  
  68  6:57  Pylon  
  68  7:04  Gateway  
  68  7:05  Gateway  
  68  7:08  Gateway  
  68  7:14  Gateway  
  68  7:25  Stalker x2  
  72  7:32  Pylon  
  72  7:36  Pylon, Observer (Chrono Boost)  
  73  7:48  Templar Archives  
  73  7:50  Pylon  
  73  7:54  Warp Prism (Chrono Boost)  
  75  8:11  Zealot  
  75  8:12  Zealot x4  
  85  8:13  Zealot x3  
  85  8:18  Pylon  
  91  8:36  Nexus  
  91  8:39  Pylon  
  91  8:43  High Templar x4  
  91  8:47  Archon x2  
  99  8:52  Immortal  
  99  8:54  Probe x2  
  105  9:06  Probe  
  105  9:08  Pylon  
  106  9:22  Probe x2  
  108  9:25  High Templar x2  
  108  9:26  Zealot x3  
  108  9:29  Archon  
  118  9:33  Photon Cannon  
  116  9:52  High Templar x2  
  124  9:55  Zealot  
  124  9:56  Archon, Zealot x3  
  128  10:01  Zealot  
  128  10:06  Pylon  
  124  10:25  High Templar x2  
  122  10:28  Zealot x6  
Show
View Real Time Build Order
Export as new Build Order

Nitix Zerg 

Build Orders: Hatch First 

Get SALT Encoding   

  12  0:00  Drone  
  13  0:12  Overlord  
  13  0:17  Drone  
  14  0:30  Drone  
  14  0:31  Drone  
  16  0:47  Hatchery  
  15  0:50  Drone  
  15  0:55  Drone  
  17  0:57  Drone  
  18  1:09  Extractor  
  17  1:13  Spawning Pool  
  17  1:16  Drone  
  17  1:23  Drone  
  18  2:00  Zergling x2  
  19  2:01  Zergling x4  
  19  2:02  Zergling x2, Queen  
  24  2:13  Zergling x2  
  24  2:14  Zergling x2  
  20  2:30  Zergling x4  
  20  2:37  Zergling x4  
  20  2:43  Zergling x2  
  20  2:50  Zergling x2  
  20  3:01  Drone  
  20  3:03  Drone  
  22  3:13  Drone x2  
  22  3:19  Drone  
  25  3:25  Drone  
  26  3:28  Drone  
  26  3:34  Drone  
  26  3:40  Drone  
  26  3:43  Drone  
  26  3:45  Drone  
  27  3:50  Drone  
  27  3:55  Drone  
  27  3:56  Drone  
  27  4:04  Metabolic Boost  
  27  4:10  Baneling Nest  
  26  4:19  Overlord  
  26  4:22  Zergling x4  
  27  4:39  Zergling x2  
  27  4:40  Zergling x10  
  33  4:50  Overlord  
  33  4:54  Zergling x2  
  33  4:55  Zergling x2  
  35  5:04  Overlord  
  35  5:18  Zergling x12  
  41  5:28  Baneling x3  
  41  5:31  Baneling x6  
  41  5:37  Zergling x4  
  41  5:38  Zergling x2  
  41  5:53  Zergling x10  
  40  6:02  Zergling x2  
  37  6:05  Drone  
  37  6:11  Drone x3  
  37  6:15  Drone  
  38  6:22  Drone  
  39  6:27  Baneling  
  39  6:28  Baneling x6  
  39  6:30  Drone x2  
  41  6:35  Drone  
  41  6:53  Drone  
  39  6:54  Drone x3  
  39  6:59  Queen  
  41  7:03  Drone x4  
  41  7:08  Hatchery, Overlord  
  44  7:23  Lair, Extractor  
  44  7:24  Extractor  
  44  7:27  Overlord  
  42  7:34  Roach Warren  
  41  7:39  Overlord x2  
  41  7:40  Drone x4  
  45  7:47  Zergling x4  
  47  7:52  Zergling x2  
  48  8:12  Overlord  
  48  8:14  Roach x5  
  48  8:18  Roach x4  
  66  8:26  Roach x2  
  69  8:30  Baneling x2  
  69  8:31  Baneling  
  69  8:32  Overlord x3  
  69  8:35  Ravager  
  69  8:36  Zergling x6  
  73  8:43  Zergling x2, Roach  
  76  8:49  Ravager  
  77  8:59  Zergling x4, Roach  
  77  9:00  Zergling x2, Roach x2  
  77  9:01  Queen  
  87  9:04  Queen  
  89  9:10  Zergling x2, Roach x2  
  94  9:22  Zergling x8  
  94  9:23  Zergling x4  
  95  9:26  Ravager x2  
  97  9:34  Zergling x2  
  97  9:35  Zergling x10  
  98  9:48  Zergling x8, Roach x2  
  104  9:57  Zergling x2, Roach  
  105  10:02  Overlord x2  
  105  10:05  Ravager  
  106  10:07  Overlord  
  102  10:18  Ravager x2  
  102  10:19  Roach  
  102  10:20  Overlord x2  

Tags
 
Add a new tag
Caveats
  • Supply blocks, unpowered buildings, or Contaminate may cause inaccurate times.
  • Supply counts are checked every 10 seconds.